 Dungeon Crawl Stone Soup version 0.31-a0-16-g6d2539766c (webtiles) character file.

Game seed: 10873693777517078784

34 bande the Covered (level 3, -5/24 HPs)
             Began as a Gargoyle Fighter on May 9, 2023.
             Slain by Natasha (8 damage)
             ... on level 2 of the Dungeon.
             The game lasted 00:02:22 (909 turns).

bande the Covered (Gargoyle Fighter)                 Turns: 909, Time: 00:02:23

Health: -5/24      AC: 11    Str: 19    XL:     3   Next: 31%
Magic:  3/3        EV:  9    Int:  8    God:
Gold:   51         SH:  4    Dex: 11    Spells: 2/2 levels left

rFire   . . .        a - +0 war axe
rCold   . . .        c - +0 buckler
rNeg    + + .        b - +0 scale mail
rPois   ∞            (no helmet)
rElec   +            (no cloak)
rCorr   .            g - +0 pair of gloves
SInv    .            (no boots)
Will    .....        (no amulet) Stlth
                     h - ring of positive energy
HPRegen 0.24/turn    (no ring)
MPRegen 0.08/turn

%: no passive effects
@: slowed, very slow
A: sickness immunity, AC +3, negative energy resistance 1, electricity
resistance, torment resistance 1, petrification resistance
a: no special abilities


You were on level 2 of the Dungeon.
You visited 1 branch of the dungeon, and saw 2 of its levels.

You collected 51 gold pieces.

Inventory:

Hand Weapons
 a - a +0 war axe (weapon)
Missiles
 k - a throwing net (quivered)
Armour
 b - a +0 scale mail (worn)
 c - a +0 buckler (worn)
 g - a +0 pair of gloves (worn)
Jewellery
 h - a ring of positive energy (left hand)
 i - a +4 ring of slaying
Scrolls
 j - 3 scrolls of silence {unknown}
 m - a scroll of teleportation
 n - a scroll of amnesia {unknown}
 o - a scroll of fear {unknown}
Potions
 d - a potion of might
 e - a potion of heal wounds
 f - a potion of mutation {unknown}
 l - 2 potions of attraction {unknown}


   Skills:
 + Level 3.6 Fighting
 + Level 2.2 Axes
 + Level 3.7 Armour
 + Level 3.6 Shields


You had 2 spell levels left.
You didn't know any spells.
Your spell library contained the following spells:

 Spells                   Type           Power      Damage    Failure   Level
 Summon Forest            Summ/Tloc      0%         N/A       100%        5
 Summon Mana Viper        Hex/Summ       0%         N/A       100%        5
 Summon Cactus Giant      Summ           0%         N/A       100%        6


Dungeon Overview and Level Annotations

Branches:
Dungeon (2/15)

Altars:

Shops:
D:2 *[?(

Annotations:
D:2 Natasha


Innate Abilities, Weirdness & Mutations

You are immune to sickness and miasma.
Your stone body is resilient. (AC +3)
You are immune to poison.
You resist negative energy. (rN+)
You are resistant to electric shocks. (rElec)
You are resistant to unholy torment.
You are immune to petrification.


Message History

Unknown command.
You hit Natasha.
Natasha is severely wounded.
The cerulean imp barely misses you. You block Natasha's attack.
The cerulean imp hits you but does no damage.
Unknown command.
You completely miss Natasha.
Natasha is severely wounded.
You block the cerulean imp's attack.
Natasha wildly gestures.
Natasha's front paws start to glow.
Natasha casts a spell at you.
You feel yourself slow down.
The cerulean imp hits you from afar with a +2 spear.
The cerulean imp hits you but does no damage.
You miss Natasha.
Natasha is severely wounded.
Natasha claws you but does no damage. You block the cerulean imp's attack.
The cerulean imp hits you from afar with a +0 spear.
Natasha casts a spell at you. The magic dart hits you.
The cerulean imp barely misses you.
The cerulean imp hits you from afar with a +0 spear.
Natasha claws you.
You closely miss Natasha.
Natasha is severely wounded.
The cerulean imp hits you but does no damage.
You block the cerulean imp's attack. You block Natasha's attack.
The cerulean imp hits you but does no damage.
The cerulean imp barely misses you. Natasha casts a spell at you.
The magic dart hits you!
* * * LOW HITPOINT WARNING * * *
Unknown command.
You closely miss Natasha.
Natasha is severely wounded.
The cerulean imp barely misses you.
The cerulean imp hits you from afar with a +0 spear.
* * * LOW HITPOINT WARNING * * *
Natasha claws you!
You die...

## #..##
####.###+# #..#
......#..# #..#
##.....#.# #..#
##........###..#
#..?...⌠.⌠.....#
#....5..∩......#
...#.5..⌠.⌠######
......h@...#
#####...##.#
##.###)# #. #.#
#. #!# #. #.# ..
#.# .. ..# ###


You could see Natasha and 2 cerulean imps.

Vanquished Creatures
  An adder (D:2)
  A dart slug (D:1)
  4 endoplasms
  2 goblins
  3 hobgoblins
  2 jackals (D:2)
  2 ball pythons
  A bat (D:2)
  A frilled lizard (D:2)
  4 kobolds
  A rat (D:1)
22 creatures vanquished.

Notes
Turn   | Place    | Note
-------+----------+-------------------------------------------
     0 | D:1      | bande the Gargoyle Fighter began the quest for the Orb.
     0 | D:1      | Reached XP level 1. HP: 14/14 MP: 1/1
   257 | D:1      | Reached XP level 2. HP: 19/19 MP: 2/2
   690 | D:2      | Found Sipho's Antique Armour Boutique.
   692 | D:2      | Found Xuihy's Assorted Antiques.
   697 | D:2      | Found Enecigil's Magic Scroll Shop.
   706 | D:2      | Reached XP level 3. HP: 23/23 MP: 3/3
   768 | D:2      | Found a faded altar of an unknown god.
   884 | D:2      | Found Qoisat's Weapon Shop.
   895 | D:2      | Noticed Natasha
   909 | D:2      | Slain by Natasha

Illustrated notes

Levels and vault maps discovered:
D:1:      lemuel_arrival_cross, layout_basic
D:2:      layout_loops_ring, shapermc_ecumenical_altar_petra, serial_shops,
          shop, shop_fountains, nicolae_shop_competitors_out_of_business,
          nicolae_shop_hallway_stairs, shop, uniq_natasha

Skill      XL: |  1  2 |
---------------+-------+-----
Axes           | 2 |  2.2
Fighting       | |  3.6
Armour         | |  3.7
Shields        | |  3.6

Action                     || total
---------------------------++-------
  Melee: War axe           ||    70
    Use: Scroll            ||     2
 Armour: Scale mail        ||    41
  Dodge: Dodged            ||    33
  Block: Buckler           ||    19

Table legend: (Time is in decaauts)
 A = Elapsed time spent in this place.
 B = Non-inter-level travel time spent in this place.
 C = Inter-level travel time spent in this place.
 D = Time resting spent in this place.
 E = Time spent auto-exploring this place.
 F = Levels seen in this place.
 G = Mean time per level.
                   A        B        C        D        E       F      G
               +--------+--------+--------+--------+--------+-----+--------+
         Total |    939 |    912 |     27 |      0 |    709 |   2 |  469.5 |
       Dungeon |    939 |    912 |     27 |      0 |    709 |   2 |  469.5 |
               +--------+--------+--------+--------+--------+-----+--------+

Top non-repeatable levels by time:
     D:1: 616 daAuts
     D:2: 322 daAuts
